 Dungeon Crawl Stone Soup version 0.29.1-2-gbd0b4ee654 (webtiles) character file.

Game seed: 16429349863754318258

660 fantasyman the Covered (level 7, -6/60 HPs)
             Began as a Demigod Fighter on Nov 28, 2022.
             Mangled by a gnoll bouda
             ... wielding a +0 whip
              (8 damage)
             ... on level 4 of the Dungeon.
             The game lasted 00:06:00 (7520 turns).

fantasyman the Covered (Demigod Fighter)            Turns: 7520, Time: 00:06:00

Health: -6/60      AC:  8    Str: 27    XL:     7   Next: 8%
Magic:  9/9        EV:  9    Int: 12    God:
Gold:   237        SH:  5    Dex: 17    Spells: 6/6 levels left

rFire   + . .      SeeInvis .   n - +6 short sword "Isiadoes" {vorpal, rF+ rCorr Int+2}
rCold   . . .      Faith    .   c - +0 buckler
rNeg    . . .      Spirit   .   b - +0 scale mail
rPois   .          Reflect  .   (no helmet)
rElec   .          Harm     .   (no cloak)
rCorr   +          Rampage  .   p - +0 pair of gloves
Will    .....                   (no boots)
Stlth   ..........              (no amulet)
HPRegen 0.20/turn               m - +6 ring of strength
MPRegen 0.11/turn               (no ring)

@: weakened
A: high MP 1, forlorn, divine attributes
a: no special abilities


You were on level 4 of the Dungeon.
You visited 1 branch of the dungeon, and saw 5 of its levels.

You collected 237 gold pieces.

Inventory:

Hand Weapons
 a - a +0 war axe
 i - the +6 trident of Extinguishment {antimagic, rCorr Dex-4 SInv}
   (You found it on level 2 of the Dungeon)

   It reduces the magical energy of the wielder, and disrupts the spells and
   magical abilities of those it strikes.
   Natural abilities and divine invocations are not affected.
   Dex:       It affects your dexterity (-4).
   SInv:      It lets you see invisible.
   rCorr:     It protects you from acid and corrosion.
 n - the +6 short sword "Isiadoes" (weapon) {vorpal, rF+ rCorr Int+2}
   (You found it on level 3 of the Dungeon)

   It inflicts extra damage upon your enemies.
   Int:       It affects your intelligence (+2).
   rF:        It protects you from fire.
   rCorr:     It protects you from acid and corrosion.
Armour
 b - a +0 scale mail (worn)
 c - a +0 buckler (worn)
 p - a +0 pair of gloves (worn)
Jewellery
 g - a +6 ring of intelligence
 k - a ring of protection from fire
 m - a +6 ring of strength (left hand)
Potions
 e - a potion of flight
 f - 2 potions of attraction


   Skills:
 * Level 4.7 Fighting
 - Level 1.0 Short Blades
 - Level 1.8 Axes
 * Level 5.9 Armour
 * Level 3.9 Shields


You had 6 spell levels left.
You didn't know any spells.
Your spell library contained the following spells:

 Spells                   Type           Power      Damage    Failure   Level
 Slow                     Hex            0%         N/A       65%         1
 Summon Small Mammal      Summ           0%         N/A       65%         1
 Call Canine Familiar     Summ           0%         N/A       95%         3
 Confusing Touch          Hex            0%         N/A       95%         3
 Inner Flame              Hex/Fire       0%         N/A       95%         3
 Summon Guardian Golem    Hex/Summ       0%         N/A       95%         3
 Vampiric Draining        Necr           0%         2d6       95%         3
 Cause Fear               Hex            0%         N/A       100%        4
 Discord                  Hex            0%         N/A       100%        8


Dungeon Overview and Level Annotations

Branches:
Dungeon (5/15)             Temple (0/1) D:4


Innate Abilities, Weirdness & Mutations

You have an increased reservoir of magic. (+10% MP)
You shall have no god before yourself.
Your divine heritage dramatically boosts your attributes as you level up.


Message History

You kill the gnoll!
The gnoll closely misses you.
You hit the gnoll bouda.
The gnoll bouda is lightly wounded.
You block the gnoll's attack.
The gnoll bouda hits you with a +0 whip.
You hit the gnoll bouda.
The gnoll bouda is moderately wounded.
You block the gnoll's attack.
The gnoll bouda hits you but does no damage.
The gnoll hits you from afar with a +0 halberd!
You closely miss the gnoll bouda.
The gnoll bouda is moderately wounded.
The gnoll bouda gazes fiercely through you!
You feel as though you will be weak longer.
You block the gnoll bouda's attack. The gnoll misses you.
The gnoll bouda barely misses you.
You closely miss the gnoll bouda.
The gnoll bouda is moderately wounded.
The gnoll hits you from afar with a +0 halberd.
The gnoll bouda hits you with a +0 whip!
You are too injured to fight recklessly!
You are too injured to fight recklessly!
The gnoll hits you from afar with a +0 halberd!
* * * LOW HITPOINT WARNING * * *
There is a stone staircase leading up, spattered with blood here.
You can't go down here!
The gnoll hits you from afar with a +0 halberd.
* * * LOW HITPOINT WARNING * * *
The gnoll bouda hits you with a +0 whip!
* * * LOW HITPOINT WARNING * * *
You climb upwards.
There is a stone staircase leading down here.
You closely miss the gnoll bouda.
The gnoll bouda is moderately wounded.
You block the gnoll bouda's attack.
You hit the gnoll bouda but do no damage.
The gnoll bouda is moderately wounded.
The gnoll bouda hits you with a +0 whip!
You die...

### #.. #..
################(.
#@g..)............
#)..###########...
#.#.############.#
#.#...............
#.###############.
#.# ##### ##
#.####...#
#....'...#
######...# ####


You could see a gnoll bouda.

Vanquished Creatures
  A water moccasin (D:4)
  A black bear (D:5)
  An ogre (D:5)
  A centaur (D:4)
  A scorpion (D:4)
  A hound (D:5)
  Robin (D:4)
  10 gnolls
  2 adders
  3 orcs
  6 ball pythons
  5 endoplasms
  A giant cockroach (D:1)
  17 goblins
  7 hobgoblins
  8 jackals
  7 kobolds
  A quokka (D:1)
  4 bats
  6 frilled lizards
  4 rats
88 creatures vanquished.

Notes
Turn   | Place    | Note
-------+----------+-------------------------------------------
     0 | D:1      | fantasyman the Demigod Fighter began the quest for the Orb.
     0 | D:1      | Reached XP level 1. HP: 18/18 MP: 3/3
   522 | D:1      | Reached XP level 2. HP: 26/26 MP: 4/4
   772 | D:1      | Reached skill level 3 in Armour
  1449 | D:2      | Identified the +6 trident of Extinguishment {antimagic,
                  | rCorr Dex-4 SInv}
  1571 | D:2      | Reached XP level 3. HP: 22/31 MP: 1/5
  3106 | D:3      | Reached XP level 4. HP: 39/39 MP: 2/6
  3399 | D:3      | Identified the +6 short sword "Isiadoes" {vorpal, rF+ rCorr
                  | Int+2}
  3809 | D:4      | Noticed Robin
  4889 | D:4      | Killed Robin
  4909 | D:4      | Reached skill level 4 in Armour
  4909 | D:4      | Reached XP level 5. HP: 37/46 MP: 7/7
  5108 | D:4      | Found a staircase to the Ecumenical Temple.
  5131 | D:4      | Reached skill level 1 in Short Blades
  5880 | D:5      | Entered Level 5 of the Dungeon
  5880 | D:5      | Noticed a black bear
  5885 | D:5      | Killed a black bear
  5903 | D:5      | Reached XP level 6. HP: 43/53 MP: 8/8
  6000 | D:5      | Reached skill level 5 in Armour
  6178 | D:5      | Noticed a water moccasin
  6812 | D:4      | Killed a water moccasin
  7223 | D:4      | Reached XP level 7. HP: 43/60 MP: 9/9
  7517 | D:5      | HP: 1/60 [gnoll bouda/+0 whip (7)]
  7520 | D:4      | Mangled by a gnoll bouda

Illustrated notes

Levels and vault maps discovered:
D:1:      dpeg_arrival_tiny_a, layout_loops_corners
D:2:      layout_loops_ring, minivault_14
D:3:      layout_loops_ring, ebering_ecumenical_altar_webs
D:4:      layout_basic, ashenzari_altar_1, minmay_temple_entry_offerings,
          uniq_robin
D:5:      layout_basic, mainiacjoe_overflow_cross_hatched,
          mainiacjoe_overflow_alcove_4, old_standard_altar,
          chequers_serial_rivers_room_b, kennysheep_generic_room_12

Skill      XL: |  1  2  3  4  5  6 |
---------------+-------------------+-----
Fighting       | 3 4 |  4.7
Armour         | 3 4 5 |  5.9
Shields        | 3 |  3.9
Short Blades   | 1 |  1.0
Axes           | |  1.8

Action                   |  1- 3 |  4- 6 |  7- 9 || total
-------------------------+-------+-------+-------++-------
Melee: War axe           |    67 |       |       ||    67
       Trident           |    39 |    24 |       ||    63
       Short sword       |       |   121 |    10 ||   131
  Use: Scroll            |     6 |     4 |       ||    10
       Potion            |       |     5 |       ||     5
Armor: Scale mail        |    61 |    79 |     2 ||   142
       Skin              |       |     4 |       ||     4
Dodge: Dodged            |    61 |    67 |     5 ||   133
Block: Buckler           |    28 |    39 |     7 ||    74
